 Dungeon Crawl Stone Soup version 0.25-b1-41-g19641232cd (webtiles) character file.

Game seed: 14466778225986325710

22897 HoaS the Brawler (level 13, -1/136 HPs)
             Began as a Gargoyle Berserker on June 8, 2020.
             Was a High Priest of Trog.
             Slain by a wolf spider zombie (3 damage)
             ... on level 12 of the Dungeon.
             The game lasted 00:33:04 (15198 turns).

HoaS the Brawler (Gargoyle Berserker)              Turns: 15198, Time: 00:33:05

Health: -1/136     AC: 24    Str: 22    XL:     13   Next: 3%
Magic:  13/13      EV:  7    Int:  8    God:    Trog [*****.]
Gold:   702        SH:  0    Dex: 13    Spells: 12/12 levels left

rFire    . . .     SeeInvis .     - Unarmed
rCold    . . .     Gourm    .   (no shield)
rNeg     + . .     Faith    .   u - +0 plate armour
rPois    ∞         Spirit   .   x - +0 helmet
rElec    +         Reflect  .   y - +0 cloak
rCorr    .         Harm     .   (no gloves)
MR       .....                  (no boots)
Stlth    ..........             (no amulet)
HPRegen  0.32/turn              (no ring)
MPRegen  0.13/turn              (no ring)

@: berserking (expiring), vulnerable, very quick
A: negative energy resistance 1, electricity resistance, unbreathing,
petrification resistance, rot immunity, AC +9
a: Berserk, Trog's Hand, Brothers in Arms, Renounce Religion


You were on level 12 of the Dungeon.
You worshipped Trog.
Trog was extremely pleased with you.
You were very hungry.

You visited 1 branch of the dungeon, and saw 12 of its levels.

You collected 702 gold pieces.

Inventory:

Armour
 u - a +0 plate armour (worn)
 x - a +0 helmet (worn)
 y - a +0 cloak (worn)
Jewellery
 c - an uncursed ring of flight {unknown}
 j - an uncursed ring of positive energy {unknown}
 o - an uncursed ring of stealth {unknown}
 r - a +4 ring of protection {unknown}
 D - an uncursed ring of flight {unknown}
 E - an uncursed ring of wizardry {unknown}
 K - an uncursed ring of ice
 L - an uncursed ring of poison resistance {unknown}
 M - an uncursed amulet of the acrobat {unknown}
 P - an uncursed amulet of magic regeneration
 Q - the ring of the Mage {Wiz MR++ Int+3}
   (You found it on level 12 of the Dungeon)

   [ring of wizardry]

   It improves your spell success rate.
   It affects your intelligence (+3).
   It affects your resistance to hostile enchantments.
Wands
 z - a wand of acid (2)
 C - a wand of iceblast (6)
 F - a wand of flame (1)
 H - a wand of enslavement (6)
Scrolls
 a - 3 scrolls of magic mapping {unknown}
 e - 10 scrolls of identify {unknown}
 f - 6 scrolls of remove curse {unknown}
 g - 4 scrolls of teleportation {unknown}
 i - 3 scrolls of amnesia {unknown}
 k - 3 scrolls of immolation {unknown}
 l - 3 scrolls of fear {unknown}
 m - a scroll of blinking {unknown}
 q - a scroll of fog {unknown}
 t - 3 scrolls of enchant weapon {unknown}
 G - a scroll of enchant armour {unknown}
 J - a scroll of summoning {unknown}
Potions
 d - a potion of haste {unknown}
 h - 2 potions of mutation {unknown}
 n - 6 potions of curing
 p - a potion of might
 s - a potion of heal wounds
 v - a potion of invisibility {unknown}
 w - 2 potions of lignification {unknown}
 A - 2 potions of stabbing {unknown}
 B - a potion of cancellation {unknown}
 I - a potion of degeneration {unknown}
 N - a potion of brilliance {unknown}
Comestibles
 b - 21 rations
 O - 4 chunks of flesh


   Skills:
 + Level 14.3 Fighting
 - Level 5.0 Armour
 - Level 1.5 Dodging
 + Level 15.7 Unarmed Combat


You had 12 spell levels left.
You didn't know any spells.
Your spell library was empty.

Dungeon Overview and Level Annotations

Branches:
Dungeon (12/15)            Temple (0/1) D:6            Lair (0/6) D:11
    Orc (0/2) D:11

Altars:
Ashenzari
Fedhas
Gozag
Makhleb
Nemelex Xobeh
Qazlal
Uskayaw
Vehumet
Xom
Yredelemnul
The Shining One

Shops:
D:12 *

Annotations:
D:11 3 runed translucent doors, Raspi's ghost, journeyman MiBe; p0werm0de's ghost, journeyman DDFi


Innate Abilities, Weirdness & Mutations

You are resistant to torment.
Your stone body is resilient. (AC +9)
You are immune to poison.
You resist negative energy. (rN+)
You are resistant to electric shocks. (rElec)
You can survive without breathing.
You are immune to petrification.
You are immune to rotting.


Message History

Trog accepts your kill. The centaur hits you.
* * * LOW HITPOINT WARNING * * *
The wolf spider zombie barely misses you.
The wolf spider zombie bites you.
* * * LOW HITPOINT WARNING * * *
You barely miss the centaur. You punch the centaur!
The centaur is heavily wounded.
The centaur hits you but does no damage.
The wolf spider zombie hits you.
* * * LOW HITPOINT WARNING * * *
The wolf spider zombie bites you but does no damage.
You pummel the centaur!!
You feel the power of Trog in you as your rage grows.
You kill the centaur!
Trog accepts your kill.
You punch the wolf spider zombie!
The wolf spider zombie is lightly damaged.
The wolf spider zombie hits you.
You die...

W. ########.# .p
###############.##
.####.................
p.##.#.............##
#.##.#.#############
#.##.#.# #.....<#
#.##.#.# #.######
#.##)#.# #.########
#.##@#.# #.........
#..Z)#.# ##########
######.# ..#


You could see a wolf spider zombie.

Vanquished Creatures
  Harold (D:9)
  Fannar (D:10)
  Erica (D:10)
  A death knight (D:12)
  3 death yaks (D:11)
  4 two-headed ogres
  A skeletal warrior (D:10)
  An unseen horror (D:10)
  A phantasmal warrior (D:12)
  4 ugly things
  3 gargoyles
  A centaur skeleton (D:11)
  Maggie (D:9)
  A komodo dragon (D:12)
  3 freezing wraiths
  A troll (D:12)
  A slime creature (D:12)
  3 hippogriffs
  A meliai zombie (D:11)
  A vampire (D:11)
  A water elemental (D:12)
  7 yaks (D:11)
  A wraith (D:8)
  Menkaure (D:4)
  2 hungry ghosts
  A water moccasin (D:10)
  4 ice beasts
  5 orc warriors
  3 sky beasts
  2 black bears
  2 phantoms
  5 ogres
  A necrophage (D:10)
  11 centaurs
  2 crocodiles
  5 bullfrogs
  A wyvern zombie (D:8)
  A wyvern skeleton (D:12)
  6 scorpions
  2 water moccasin skeletons
  3 killer bees (D:8)
  9 wights
  4 electric eels (D:12)
  A howler monkey (D:6)
  2 centaur zombies (D:10)
  3 crimson imps
  2 bullfrog zombies
  A quasit (D:8)
  4 hounds
  6 orc priests
  Crazy Yiuf (D:6)
  6 jellies
  A bullfrog skeleton (D:12)
  9 orc wizards
  4 iguanas
  2 hell rats (D:11)
  10 worker ants
  A killer bee zombie (D:9)
  A hound zombie (D:7)
  A hound skeleton (D:4)
  A howler monkey skeleton (D:7)
  6 adders
  7 gnolls
  2 river rats (D:11)
  5 shadow imps
  8 oozes
  An adder skeleton (D:6)
  2 adder zombies (D:6)
  2 worms
  4 dart slugs
  8 leopard geckos
  42 orcs
  A ball python (D:1)
  8 giant cockroaches
  8 hobgoblins
  12 jackals
  8 kobolds
  10 quokkas
  9 bats
  4 frilled lizards
  6 goblins
  A jackal skeleton (D:4)
  A quokka skeleton (D:5)
  8 rats
  A fungus (D:6)
  A plant (D:4)
334 creatures vanquished.

Vanquished Creatures (collateral kills)
  A death knight (D:11)
  A skeletal warrior (D:11)
2 creatures vanquished.

Vanquished Creatures (others)
  An orc (D:10)
  2 withered plants (D:11)
3 creatures vanquished.

Grand Total: 339 creatures vanquished

Notes
Turn   | Place    | Note
-------+----------+-------------------------------------------
     0 | D:1      | HoaS the Gargoyle Berserker began the quest for the Orb.
     0 | D:1      | Reached XP level 1. HP: 14/14 MP: 1/1
   353 | D:1      | Reached XP level 2. HP: 19/19 MP: 2/2
   720 | D:1      | Reached skill level 4 in Unarmed Combat
   768 | D:1      | Reached XP level 3. HP: 22/23 MP: 3/3
   989 | D:1      | Reached ** piety under Trog
  1435 | D:2      | Reached XP level 4. HP: 19/28 MP: 4/4
  1641 | D:2      | Reached skill level 5 in Unarmed Combat
  2687 | D:3      | Reached XP level 5. HP: 32/32 MP: 5/5
  2995 | D:4      | Noticed Menkaure
  3025 | D:4      | Killed Menkaure
  3025 | D:4      | Reached skill level 6 in Unarmed Combat
  3025 | D:4      | Reached XP level 6. HP: 17/37 MP: 6/6
  3048 | D:4      | Reached *** piety under Trog
  3329 | D:4      | Found a sparkling altar of Nemelex Xobeh.
  3368 | D:4      | Reached skill level 7 in Unarmed Combat
  3505 | D:4      | Found a radiant altar of Vehumet.
  3578 | D:4      | Found a transporter.
  3581 | D:4      | Found a transporter.
  3649 | D:4      | Noticed a sky beast
  3678 | D:4      | Killed a sky beast
  4027 | D:4      | Found a basalt altar of Yredelemnul.
  4029 | D:4      | Found a shimmering altar of Xom.
  4029 | D:4      | Found a blossoming altar of Fedhas.
  4031 | D:4      | Found a stormy altar of Qazlal.
  4031 | D:4      | Found a shattered altar of Ashenzari.
  4031 | D:4      | Found a burning altar of Makhleb.
  4038 | D:4      | Reached XP level 7. HP: 40/41 MP: 7/7
  4495 | D:5      | Entered Level 5 of the Dungeon
  4509 | D:5      | Reached skill level 8 in Unarmed Combat
  5121 | D:5      | Reached skill level 9 in Unarmed Combat
  5530 | D:6      | Reached XP level 8. HP: 33/46 MP: 8/8
  5700 | D:6      | Reached skill level 10 in Unarmed Combat
  5871 | D:6      | Found a staircase to the Ecumenical Temple.
  5968 | D:6      | Found an opulent altar of Gozag.
  6197 | D:6      | Found a runed translucent door.
  6198 | D:6      | Noticed Crazy Yiuf
  6208 | D:6      | Killed Crazy Yiuf
  6265 | D:7      | Reached **** piety under Trog
  6291 | D:7      | Reached skill level 5 in Fighting
  6392 | D:7      | Reached XP level 9. HP: 46/54 MP: 9/9
  7328 | D:8      | Reached skill level 11 in Unarmed Combat
  7705 | D:8      | Found a glowing golden altar of the Shining One.
  7870 | D:8      | Found a basalt altar of Yredelemnul.
  7881 | D:8      | Noticed a profane servitor
  8022 | D:8      | Found a blossoming altar of Fedhas.
  8022 | D:8      | Found a hide-covered altar of Uskayaw.
  8137 | D:8      | Noticed an angel
  8288 | D:9      | Noticed Harold
  8347 | D:9      | Killed Harold
  8347 | D:9      | Reached skill level 5 in Armour
  8347 | D:9      | Reached XP level 10. HP: 23/64 MP: 10/10
  8466 | D:8      | Reached skill level 12 in Unarmed Combat
  8708 | D:9      | Noticed Maggie
  8722 | D:9      | Killed Maggie
  9561 | D:10     | Entered Level 10 of the Dungeon
  9867 | D:10     | Noticed a two-headed ogre
  9885 | D:10     | Killed a two-headed ogre
 10372 | D:10     | Noticed a gargoyle
 10389 | D:10     | Reached ***** piety under Trog
 10389 | D:10     | Reached skill level 10 in Fighting
 10397 | D:10     | Killed a gargoyle
 10397 | D:10     | Reached skill level 13 in Unarmed Combat
 10546 | D:10     | Noticed Erica
 10562 | D:10     | Killed Erica
 10562 | D:10     | Reached XP level 11. HP: 62/73 MP: 11/11
 10683 | D:10     | Noticed a two-headed ogre
 10704 | D:10     | Killed a two-headed ogre
 10979 | D:10     | Noticed Fannar
 11342 | D:10     | Killed an unseen horror
 11357 | D:10     | Killed Fannar
 11874 | D:11     | Noticed a purple ugly thing
 11886 | D:11     | Killed a purple ugly thing
 12045 | D:11     | Noticed a cyan ugly thing
 12067 | D:11     | Killed a cyan ugly thing
 12067 | D:11     | Reached skill level 14 in Unarmed Combat
 12136 | D:11     | Found a staircase to the Orcish Mines.
 12164 | D:11     | Noticed a death yak
 12346 | D:11     | Killed a death yak
 12615 | D:11     | Found a staircase to the Lair.
 12643 | D:11     | Found a runed translucent gate.
 12645 | D:11     | Found a runed translucent gate.
 12714 | D:11     | Noticed a death yak
 12796 | D:11     | Reached XP level 12. HP: 73/82 MP: 12/12
 12884 | D:11     | Noticed a death yak
 12900 | D:11     | Killed a death yak
 12905 | D:11     | Killed a death yak
 13207 | D:11     | Received a gift from Trog
 13496 | D:11     | Noticed a death knight
 13519 | D:11     | Killed a death knight
 13526 | D:11     | Reached skill level 15 in Unarmed Combat
 13794 | D:11     | Found a runed translucent gate.
 13805 | D:11     | Noticed Raspi's ghost (journeyman MiBe)
 13805 | D:11     | Noticed p0werm0de's ghost (journeyman DDFi)
 13861 | D:11     | Noticed a two-headed ogre
 13870 | D:11     | Killed a two-headed ogre
 14732 | D:12     | Found Fotash's General Store.
 14767 | D:12     | Noticed a two-headed ogre
 14786 | D:12     | Killed a two-headed ogre
 15140 | D:12     | Found the ring of the Mage {Wiz MR++ Int+3}
 15153 | D:12     | Noticed a death knight
 15181 | D:12     | Killed a death knight
 15188 | D:12     | Reached XP level 13. HP: 39/90 MP: 13/13
 15195 | D:12     | HP: 4/135 [wolf spider zombie (6)]
 15198 | D:12     | Slain by a wolf spider zombie

Illustrated notes

Levels and vault maps discovered:
D:1:      eino_arrival_tree_alley, layout_loops_ring, minmay_misc_feat_cross
D:2:      layout_loops_ring
D:3:      cheibrodos_old_hovel, layout_loops_ring
D:4:      gammafunk_wand_slinger, layout_loops_ring, kennysheep_mini,
          nemelex_xobeh_ov_fountains_minmay, wad_floor_pattern_1,
          doesnt_xom_only_xom, uniq_menkaure
D:5:      layout_loops_ring, first_ration
D:6:      layout_cave_pools, temple_fountains,
          nicolae_gozag_cash_rules_everything_around_me, uniq_crazy_yiuf_cottage
D:7:      layout_rooms
D:8:      layout_basic, grunt_temple_overflow_holy_war,
          gammafunk_temple_overflow_wave
D:9:      layout_long_grid, uniq_maggie, uniq_harold
D:10:     layout_basic, uniq_fannar, uniq_erica
D:11:     layout_basic, dpeg_lair_monsters, orc_0_dummy,
          gammafunk_ghost_cemetery
D:12:     layout_basic, serial_shops, shop_fountains,
          hangedman_little_slice_of_home

Skill      XL: |  1  2  3  4  5  6  7  8  9 10 11 12 |
---------------+-------------------------------------+-----
Unarmed Combat | 4 5 6 7 9 10 11 13 14 15 | 15.7
Fighting       | 5 8 10 12 14 | 14.3
Armour         | 3 5 |  5.0
Dodging        | |  1.5

Action                   |  1- 3 |  4- 6 |  7- 9 | 10-12 | 13-15 || total
-------------------------+-------+-------+-------+-------+-------++-------
Melee: Unarmed           |   157 |   193 |   454 |   693 |     8 ||  1505
       Punch             |     1 |     4 |     9 |    37 |     1 ||    52
Invok: Berserk           |       |     1 |     1 |     6 |       ||     8
       Trog's Hand       |       |     1 |       |     5 |       ||     6
       Brothers in Arms  |       |       |       |     1 |       ||     1
Evoke: Wand              |       |       |       |    15 |       ||    15
  Eat: Chunk             |     2 |     8 |    19 |    20 |       ||    49
       Ration            |       |       |       |     3 |       ||     3
Armor: Animal skin       |    37 |       |       |       |       ||    37
       Scale mail        |    37 |    26 |       |       |       ||    63
       Chain mail        |       |    60 |    46 |       |       ||   106
       Plate armour      |       |       |   249 |   467 |     3 ||   719
Dodge: Dodged            |   138 |    53 |   138 |   191 |     2 ||   522
